Predators vs Canadiens

Created - 20 janvier 2016 at 23:59

Goals
1 2 3 OT1 SO T
Predators 1 3 1 0 1 6
Canadiens 2 3 0 0 0 5
Shots
1 2 3 OT1 SO T
Predators 13 13 12 0 3 38
Canadiens 17 9 11 1 3 38

1st period

1. Canadiens , Marek Svatos 14 (Dennis Wideman, Brooks Laich) at 9:05
2. Canadiens , Sergei Samsonov 17 (Brooks Laich) at 17:54 (SH)
3. Predators , Alexander Edler 5 (Joe Thornton) at 18:00 (PP)

Penalties :
Dan Boyle (Mon) for Tripping (Minor) at 16:42

2nd period

4. Predators , Erik Rasmussen 6 (Alexander Ovechkin, Barret Jackman) at 1:41 (SH)
5. Canadiens , Maxim Talbot 6 (Josh Gorges, Greg Stewart) at 5:39
6. Predators , Jeremy Williams 6 (Brett Clark) at 6:11
7. Canadiens , Devin Setoguchi 13 (Marc Savard) at 6:56 (PP)
8. Predators , Alexander Ovechkin 20 (Andrei Markov) at 8:24
9. Canadiens , Josh Gorges 5 (Devin Setoguchi, Marc Savard) at 16:32

Penalties :
Michael Grabner (Nas) for Tripping (Minor) at 0:51, Maxim Talbot (Mon) for Holding (Minor) at 3:23, Erik Rasmussen (Nas) for Delaying the game (Minor) at 6:54, Devin Setoguchi (Mon) for Hooking (Minor) at 9:48, Barret Jackman (Nas) for Hooking (Minor) at 18:28

3rd period

10. Predators , Kris Vernarsky 11 (Ryan Mcdonagh, James Van Riemsdyk) at 3:02

Penalties :
Vitali Yachmenev (Nas) for Interference (Minor) at 0:39, Adam Burish (Nas) for Hooking (Minor) at 6:06, Adam Burish (Nas) for Roughing (Minor) at 8:37, Michael Grabner (Nas) for Hooking (Minor) at 11:10, Rene Bourque (Mon) for Tripping (Minor) at 16:22, Alexander Ovechkin (Nas) for Holding (Minor) at 17:39

Overtime #1

No Goal

Penalties :
No Penalty

Shootout

Penalty Shot by Alexander Ovechkin for Predators - Stopped by Jonathan Bernier
Penalty Shot by Marc Savard for Canadiens - Stopped by Maxime Daigneault
Penalty Shot by Michael Grabner for Predators - Shot Misses the Net
Penalty Shot by Patrick Sharp for Canadiens - Shot Misses the Net
Penalty Shot by Josef Vasicek for Predators - Goal!
Penalty Shot by Marek Svatos for Canadiens - Shot Misses the Net

Penalties :
No Penalty

Goalie Stats

Maxime Daigneault (Nas), 33 saves from 38 shots - (0,868), W, 17-9-3, 65:00 minutes
Jonathan Bernier (Mon), 33 saves from 38 shots - (0,868), OTL, 14-10-2, 65:00 minutes

Players Stats for Predators

Player Name              G  A  P  +/- PIM S  H  SB GA TA FO     MP     PP MP  PK MP  
------------------------------------------------------------------------------------
Adam Burish              0  0  0  -1  4   5  2  0  1  0  3/3    24:30   3:52   5:55 
Alexander Edler          1  0  1  -1  0   4  1  1  0  1  0/0    30:25   4:12   8:39 
Alexander Ovechkin       1  1  2   0  2   8  1  0  0  0  1/2    24:08   3:51   4:04 
Alexander Steen          0  0  0   0  0   2  1  1  1  0  1/3    16:28   2:38   1:42 
Andrei Markov            0  1  1   1  0   1  0  1  0  0  0/0    16:51   2:21   0:00 
Barret Jackman           0  1  1   0  2   1  1  2  0  0  0/0    17:38   0:00   4:17 
Brett Clark              0  1  1   0  0   1  3  0  0  1  0/0    18:18   0:00   5:09 
Christian Ehrhoff        0  0  0   0  0   1  0  0  0  1  0/0    14:15   2:21   0:00 
Eric Nystrom             0  0  0  -1  0   0  1  0  0  1  0/0     7:25   0:00   1:20 
Erik Rasmussen           1  0  1   2  2   1  0  1  1  0  3/4    16:36   2:00   5:00 
James Van Riemsdyk       0  1  1   1  0   0  0  0  0  0  0/0    11:50   0:35   0:12 
Jeremy Williams          1  0  1   1  0   1  3  0  0  0  0/1     9:59   0:43   0:00 
Joe Thornton             0  1  1  -2  0   2  0  1  0  0  7/20    7:38   0:53   0:00 
Josef Vasicek            0  0  0  -1  0   1  4  1  0  0  3/6    15:18   1:58   2:38 
Kris Vernarsky           1  0  1   1  0   2  2  0  0  0  2/6     9:26   0:00   0:06 
Michael Grabner          0  0  0   0  4   3  4  3  0  0  4/20   20:37   3:08   0:00 
Ryan Mcdonagh            0  1  1   0  0   5  2  1  1  1  0/0    32:44   4:12   8:21 
Vitali Yachmenev         0  0  0  -1  2   0  1  1  0  0  4/13   11:51   0:00   5:29 

Players Stats for Canadiens

Player Name              G  A  P  +/- PIM S  H  SB GA TA FO     MP     PP MP  PK MP  
------------------------------------------------------------------------------------
Brooks Laich             0  2  2   1  0   2  3  0  0  1  16/25  16:18   0:34   3:56 
Cam Janssen              0  0  0   0  0   0  2  0  0  0  0/0     7:14   0:16   0:00 
Dan Boyle                0  0  0  -1  2   2  1  2  1  0  0/0    24:47   7:31   0:00 
Dennis Wideman           0  1  1  -1  0   1  0  2  3  0  0/0    32:47   7:31   3:51 
Devin Setoguchi          1  1  2   0  2   2  2  0  0  0  1/1    21:11   6:52   0:00 
Dustin Boyd              0  0  0  -1  0   2  1  0  0  0  1/6    15:14   5:23   0:20 
Greg Stewart             0  1  1   0  0   1  2  0  0  0  0/0     9:33   0:16   0:34 
Jiri Fischer             0  0  0   1  0   0  2  1  0  2  0/0    20:03   0:00   2:42 
Josh Gorges              1  1  2   2  0   4  3  1  0  0  0/0    21:58   5:42   2:42 
Ladislav Smid            0  0  0   0  0   1  1  1  0  1  0/0    14:06   0:00   3:51 
Marc Savard              0  2  2   0  0   1  2  0  0  0  25/35  24:23   7:34   0:00 
Marek Svatos             1  0  1   0  0   4  1  0  0  0  0/0    16:24   5:42   0:00 
Matt Carle               0  0  0  -1  0   2  0  1  0  0  0/0    10:15   0:00   0:00 
Maxim Talbot             1  0  1   0  2   3  1  0  0  0  4/4     8:53   0:00   1:17 
Patrick Sharp            0  0  0   0  0   2  1  0  0  0  2/4    25:50   7:34   1:27 
Rene Bourque             0  0  0  -1  2   5  4  0  1  0  0/0    16:04   5:47   1:36 
Riley Cote               0  0  0   0  0   3  1  0  0  0  0/0     7:27   0:00   0:00 
Sergei Samsonov          1  0  1   0  0   3  0  0  0  0  1/3    20:14   5:23   3:56 

3 Stars

1 - Josh Gorges (Mon)
2 - Brooks Laich (Mon)
3 - Jeremy Williams (Nas)

Power Play

Predators - 1 on 4 Attempt(s) - 25,00%
Canadiens - 1 on 8 Attempt(s) - 12,50%

Penalty Kill

Predators - 7 on 8 Attempt(s) - 87,50% - Score 1 goal in Penalty Kill
Canadiens - 3 on 4 Attempt(s) - 75,00% - Score 1 goal in Penalty Kill

Team Stat

Predators - Hits : 26 - Faceoff Wins : 28 - Blocked Shots : 13 - Penalty Minutes : 16
Canadiens - Hits : 27 - Faceoff Wins : 50 - Blocked Shots : 8 - Penalty Minutes : 8

Official

Referees : Jackson Dave and Rehman Kyle
Linesman : Pierre Racicot and Lyle Seitz

Game Notes

Joe Thornton is injured at 0:44 of 2nd period (Sprained Right Ankle)
19:03 of 3rd period - Canadiens goal is going for a video replay. After video review, No Goal. The puck has been directed, batted or thrown into the net by an attacking player other than with a stick.

Finance

Level 1 -- Attendance: 5614 (93,57%) -- Ticket Income 482 804 $
Level 2 -- Attendance: 4596 (91,92%) -- Ticket Income 229 800 $
Level 3 -- Attendance: 2000 (100,00%) -- Ticket Income 62 000 $
Level 4 -- Attendance: 4000 (100,00%) -- Ticket Income 88 000 $
Luxury Box -- Attendance: 1000 (100,00%) -- Ticket Income 165 000 $
Game was played at the Centre Bell.
Total Attendance: 17210 (95,61%)
Total Ticket Income: 1 027 604 $
Other Income: 154 141 $
Total Income: 1 181 745 $

Predators

5 vs 5 Forward 
   Center                   Left Wing                Right Wing               Time % Phy DF OF 
 1 Joe Thornton             Alexander Ovechkin       Adam Burish              40     1   2  2  
 2 Josef Vasicek            Alexander Steen          Michael Grabner          29     1   2  2  
 3 Kris Vernarsky           James Van Riemsdyk       Jeremy Williams          19     1   2  2  
 4 Erik Rasmussen           Eric Nystrom             Vitali Yachmenev         12     1   2  2  

5 vs 5 Defense 
   Defense                  Defense                                           Time % Phy DF OF 
 1 Alexander Edler          Ryan Mcdonagh                                     40     1   2  2  
 2 Andrei Markov            Brett Clark                                       30     1   2  2  
 3 Christian Ehrhoff        Barret Jackman                                    20     1   2  2  
 4 Andrei Markov            Ryan Mcdonagh                                     10     1   1  3  

PowerPlay Forward 
   Center                   Left Wing                Right Wing               Time % Phy DF OF 
 1 Joe Thornton             Alexander Ovechkin       Adam Burish              60     2   1  2  
 2 Josef Vasicek            Alexander Steen          Michael Grabner          40     1   1  3  

PowerPlay Defense
   Defense                  Defense                                           Time % Phy DF OF 
 1 Alexander Edler          Ryan Mcdonagh                                     60     1   1  3  
 2 Andrei Markov            Christian Ehrhoff                                 40     1   1  3  

Penalty Kill 4 Players Forward 
   Center                   Wing                     Time % Phy DF OF 
 1 Joe Thornton             Adam Burish              60     1   2  2  
 2 Josef Vasicek            Eric Nystrom             40     1   2  2  

Penalty Kill 4 Players Defense
   Defense                  Defense                  Time % Phy DF OF 
 1 Alexander Edler          Ryan Mcdonagh            60     1   2  2  
 2 Brett Clark              Barret Jackman           40     1   2  2  

Penalty Kill - 3 Players Forward 
   Forward                                           Time % Phy DF OF 
 1 Alexander Ovechkin                                60     1   2  2  
 2 Joe Thornton                                      40     1   2  2  

Penalty Kill - 3 Players Defense
   Defense                  Defense                  Time % Phy DF OF 
 1 Alexander Edler          Ryan Mcdonagh            60     1   2  2  
 2 Brett Clark              Barret Jackman           40     1   2  2  

4 vs 4 Forward 
   Center                   Wing                     Time % Phy DF OF 
 1 Joe Thornton             Alexander Ovechkin       60     1   2  2  
 2 Josef Vasicek            Alexander Steen          40     1   2  2  

4 vs 4 Defense
   Defense                  Defense                  Time % Phy DF OF 
 1 Alexander Edler          Ryan Mcdonagh            55     1   2  2  
 2 Christian Ehrhoff        Barret Jackman           45     1   2  2  

Last Minutes Offensive
   Center                   Left Wing                Right Wing               Defense                  Defense                  
   Joe Thornton             Alexander Ovechkin       Adam Burish              Alexander Edler          Ryan Mcdonagh            

Last Minutes Defensive
   Center                   Left Wing                Right Wing               Defense                  Defense                  
   Joe Thornton             Alexander Ovechkin       Adam Burish              Brett Clark              Ryan Mcdonagh            

Goaltenders
Starting : Maxime Daigneault        
Backup : Ray Emery                

Extra Forwards
Normal : Michael Grabner, Alexander Steen, Alexander Ovechkin - PP : Michael Grabner, Alexander Steen - PK : Vitali Yachmenev
Extra Defensemen
Normal : Alexander Edler, Ryan Mcdonagh, Christian Ehrhoff - PP : Ryan Mcdonagh - PK : Brett Clark, Ryan Mcdonagh
Penalty Shots
Alexander Ovechkin, Joe Thornton, Michael Grabner, Josef Vasicek, Alexander Steen

Canadiens

5 vs 5 Forward 
   Center                   Left Wing                Right Wing               Time % Phy DF OF 
 1 Marc Savard              Patrick Sharp            Devin Setoguchi          40     1   2  2  
 2 Brooks Laich             Sergei Samsonov          Marek Svatos             30     1   2  2  
 3 Dustin Boyd              Greg Stewart             Rene Bourque             20     1   2  2  
 4 Maxim Talbot             Riley Cote               Cam Janssen              10     1   2  2  

5 vs 5 Defense 
   Defense                  Defense                                           Time % Phy DF OF 
 1 Jiri Fischer             Dennis Wideman                                    40     1   2  2  
 2 Josh Gorges              Dan Boyle                                         30     1   2  2  
 3 Ladislav Smid            Matt Carle                                        20     1   2  2  
 4 Dan Boyle                Dennis Wideman                                    10     1   2  2  

PowerPlay Forward 
   Center                   Left Wing                Right Wing               Time % Phy DF OF 
 1 Marc Savard              Patrick Sharp            Devin Setoguchi          60     1   2  2  
 2 Dustin Boyd              Sergei Samsonov          Rene Bourque             40     1   2  2  

PowerPlay Defense
   Defense                  Defense                                           Time % Phy DF OF 
 1 Dan Boyle                Dennis Wideman                                    60     1   2  2  
 2 Josh Gorges              Marek Svatos                                      40     1   2  2  

Penalty Kill 4 Players Forward 
   Center                   Wing                     Time % Phy DF OF 
 1 Brooks Laich             Sergei Samsonov          60     1   2  2  
 2 Maxim Talbot             Rene Bourque             40     1   2  2  

Penalty Kill 4 Players Defense
   Defense                  Defense                  Time % Phy DF OF 
 1 Ladislav Smid            Dennis Wideman           60     1   2  2  
 2 Josh Gorges              Jiri Fischer             40     1   2  2  

Penalty Kill - 3 Players Forward 
   Forward                                           Time % Phy DF OF 
 1 Brooks Laich                                      60     1   2  2  
 2 Maxim Talbot                                      40     1   2  2  

Penalty Kill - 3 Players Defense
   Defense                  Defense                  Time % Phy DF OF 
 1 Ladislav Smid            Dennis Wideman           60     1   2  2  
 2 Josh Gorges              Jiri Fischer             40     1   2  2  

4 vs 4 Forward 
   Center                   Wing                     Time % Phy DF OF 
 1 Marc Savard              Patrick Sharp            60     1   2  2  
 2 Dustin Boyd              Rene Bourque             40     1   2  2  

4 vs 4 Defense
   Defense                  Defense                  Time % Phy DF OF 
 1 Dan Boyle                Dennis Wideman           60     1   2  2  
 2 Josh Gorges              Jiri Fischer             40     1   2  2  

Last Minutes Offensive
   Center                   Left Wing                Right Wing               Defense                  Defense                  
   Marc Savard              Patrick Sharp            Devin Setoguchi          Dan Boyle                Dennis Wideman           

Last Minutes Defensive
   Center                   Left Wing                Right Wing               Defense                  Defense                  
   Marc Savard              Patrick Sharp            Rene Bourque             Josh Gorges              Dennis Wideman           

Goaltenders
Starting : Jonathan Bernier         
Backup : Miika Kiprusoff          

Extra Forwards
Normal : Maxim Talbot, Riley Cote, Dustin Boyd - PP : Brooks Laich, Rene Bourque - PK : Patrick Sharp
Extra Defensemen
Normal : Ladislav Smid, Matt Carle, Jiri Fischer - PP : Ladislav Smid - PK : Matt Carle, Dan Boyle
Penalty Shots
Marc Savard, Patrick Sharp, Marek Svatos, Sergei Samsonov, Devin Setoguchi

% Time on Ice - Predators

Lines # - Real PCT - Wanted PCT - Time Play
Normal Forward
1 - 38% - 40% - 15:08
2 - 23% - 29% - 9:10
3 - 23% - 19% - 9:16
4 - 15% - 12% - 5:58
Normal Defense
1 - 37% - 40% - 14:39
2 - 33% - 30% - 13:12
3 - 23% - 20% - 9:04
4 - 7% - 10% - 2:37
PP Forward
1 - 70% - 60% - 4:35
2 - 30% - 40% - 1:58
PP Defense
1 - 64% - 60% - 4:12
2 - 36% - 40% - 2:21
PK Forward
1 - 90% - 60% - 11:53
2 - 10% - 40% - 1:20
PK Defense
1 - 61% - 60% - 8:04
2 - 39% - 40% - 5:09
PK3 Forward
1 - 0% - 60%
2 - 0% - 40%
PK3 Defense
1 - 0% - 60%
2 - 0% - 40%
44 Forward
1 - 100% - 60% - 5:42
2 - 0% - 40% - 0:00
44 Defense
1 - 55% - 55% - 3:09
2 - 45% - 45% - 2:33
Last Minute Offensive  - 0:00
Last Minute Defensive  - 0:00
Total
Forward - 65:00
Defense - 65:00

% Time on Ice - Canadiens

Lines # - Real PCT - Wanted PCT - Time Play
Normal Forward
1 - 38% - 40% - 15:06
2 - 27% - 30% - 10:42
3 - 19% - 20% - 7:22
4 - 16% - 10% - 6:22
Normal Defense
1 - 40% - 40% - 15:39
2 - 29% - 30% - 11:31
3 - 24% - 20% - 9:21
4 - 8% - 10% - 3:01
PP Forward
1 - 59% - 60% - 7:50
2 - 41% - 40% - 5:23
PP Defense
1 - 57% - 60% - 7:31
2 - 43% - 40% - 5:42
PK Forward
1 - 69% - 60% - 4:30
2 - 31% - 40% - 2:03
PK Defense
1 - 59% - 60% - 3:51
2 - 41% - 40% - 2:42
PK3 Forward
1 - 0% - 60%
2 - 0% - 40%
PK3 Defense
1 - 0% - 60%
2 - 0% - 40%
44 Forward
1 - 77% - 60% - 4:22
2 - 23% - 40% - 1:20
44 Defense
1 - 65% - 60% - 3:42
2 - 35% - 40% - 2:00
Last Minute Offensive  - 0:00
Last Minute Defensive  - 0:00
Total
Forward - 65:00
Defense - 65:00

Play by Play

1st period


0:01 of 1st period - Adam Burish wins face-off versus Marc Savard in neutral zone.
0:10 of 1st period - Snap shot by Alexander Ovechkin.
0:10 of 1st period - Stopped by Jonathan Bernier without a rebound.
0:11 of 1st period - Josef Vasicek wins face-off versus Brooks Laich in Canadiens zone.
1:30 of 1st period - Slapshot by Riley Cote.
1:30 of 1st period - Shot Misses the Net.
1:32 of 1st period - Backhand shot by Riley Cote.
1:32 of 1st period - Stopped by Maxime Daigneault with a rebound.
1:46 of 1st period - Ladislav Smid is hit by Michael Grabner and loses puck.
2:45 of 1st period - Josh Gorges is hit by Barret Jackman and loses puck.
3:06 of 1st period - Brooks Laich is hit by Michael Grabner and loses puck.
3:25 of 1st period - Andrei Markov is hit by Rene Bourque and loses puck.
3:54 of 1st period - Adam Burish is hit by Cam Janssen and loses puck.
5:10 of 1st period - Snap shot by Kris Vernarsky.
5:10 of 1st period - Shot Misses the Net.
5:12 of 1st period - Slapshot by Ryan Mcdonagh.
5:12 of 1st period - Shot Blocked by Dan Boyle.
5:14 of 1st period - Wrist shot by Andrei Markov.
5:14 of 1st period - Shot Blocked by Dan Boyle.
5:16 of 1st period - Slapshot by Andrei Markov.
5:16 of 1st period - Stopped by Jonathan Bernier with a rebound.
5:18 of 1st period - Wrist shot by Ryan Mcdonagh.
5:18 of 1st period - Stopped by Jonathan Bernier with a rebound.
5:20 of 1st period - Wrist shot by Ryan Mcdonagh.
5:20 of 1st period - Stopped by Jonathan Bernier without a rebound.
5:21 of 1st period - Marc Savard wins face-off versus Josef Vasicek in Canadiens zone.
5:28 of 1st period - Slapshot by Marc Savard.
5:28 of 1st period - Stopped by Maxime Daigneault with a rebound.
5:30 of 1st period - Slapshot by Ladislav Smid.
5:30 of 1st period - Stopped by Maxime Daigneault without a rebound.
5:31 of 1st period - Patrick Sharp wins face-off versus Josef Vasicek in Predators zone.
5:43 of 1st period - Snap shot by Matt Carle.
5:43 of 1st period - Shot Blocked by Michael Grabner.
5:45 of 1st period - Wrist shot by Matt Carle.
5:45 of 1st period - Deflect By Alexander Steen.
5:45 of 1st period - Stopped by Maxime Daigneault with a rebound.
6:13 of 1st period - Wrist shot by Alexander Steen.
6:13 of 1st period - Stopped by Jonathan Bernier with a rebound.
6:37 of 1st period - Snap shot by Patrick Sharp.
6:37 of 1st period - Shot Blocked by Barret Jackman.
7:01 of 1st period - Snap shot by Marc Savard.
7:01 of 1st period - Shot Blocked by Josef Vasicek.
8:17 of 1st period - Matt Carle is hit by Josef Vasicek and loses puck.
8:25 of 1st period - Off-side.
8:26 of 1st period - Brooks Laich wins face-off versus Joe Thornton in neutral zone.
8:35 of 1st period - Wrist shot by Marek Svatos.
8:35 of 1st period - Stopped by Maxime Daigneault without a rebound.
8:36 of 1st period - Brooks Laich wins face-off versus Joe Thornton in Predators zone.
9:05 of 1st period - Snap shot by Marek Svatos.
9:05 of 1st period - Goal by Marek Svatos - Predators : 0 - Canadiens : 1.
9:06 of 1st period - Brooks Laich wins face-off versus Joe Thornton in neutral zone.
9:14 of 1st period - Icing by Adam Burish.
9:15 of 1st period - Brooks Laich wins face-off versus Joe Thornton in Predators zone.
9:16 of 1st period - Snap shot by Sergei Samsonov.
9:16 of 1st period - Shot Misses the Net.
9:22 of 1st period - Slapshot by Alexander Ovechkin.
9:22 of 1st period - Stopped by Jonathan Bernier with a rebound.
9:24 of 1st period - Slapshot by Ryan Mcdonagh.
9:24 of 1st period - Shot Misses the Net.
9:26 of 1st period - Backhand shot by Joe Thornton.
9:26 of 1st period - Stopped by Jonathan Bernier with a rebound.
9:28 of 1st period - Wrist shot by Adam Burish.
9:28 of 1st period - Stopped by Jonathan Bernier without a rebound.
9:29 of 1st period - Joe Thornton wins face-off versus Dustin Boyd in Canadiens zone.
9:42 of 1st period - Wrist shot by Joe Thornton.
9:42 of 1st period - Stopped by Jonathan Bernier without a rebound.
9:43 of 1st period - Joe Thornton wins face-off versus Brooks Laich in Canadiens zone.
10:39 of 1st period - Snap shot by Greg Stewart.
10:39 of 1st period - Stopped by Maxime Daigneault with a rebound.
10:51 of 1st period - Erik Rasmussen is hit by Marek Svatos.
10:59 of 1st period - Erik Rasmussen is hit by Brooks Laich and loses puck.
11:46 of 1st period - Snap shot by Dustin Boyd.
11:46 of 1st period - Shot Misses the Net.
11:48 of 1st period - Snap shot by Dustin Boyd.
11:48 of 1st period - Shot Misses the Net.
12:23 of 1st period - Slapshot by Dan Boyle.
12:23 of 1st period - Stopped by Maxime Daigneault with a rebound.
12:29 of 1st period - Matt Carle is hit by Eric Nystrom and loses puck.
12:47 of 1st period - Ryan Mcdonagh is hit by Ladislav Smid and loses puck.
13:02 of 1st period - Dan Boyle is hit by Kris Vernarsky and loses puck.
13:11 of 1st period - Ryan Mcdonagh is hit by Rene Bourque and loses puck.
13:22 of 1st period - Jeremy Williams is hit by Brooks Laich.
13:28 of 1st period - Wrist shot by Sergei Samsonov.
13:28 of 1st period - Deflect By Brooks Laich.
13:28 of 1st period - Stopped by Maxime Daigneault without a rebound.
13:29 of 1st period - Brooks Laich wins face-off versus Joe Thornton in Predators zone.
13:56 of 1st period - Erik Rasmussen is hit by Patrick Sharp and loses puck.
14:23 of 1st period - Snap shot by Alexander Steen.
14:23 of 1st period - Shot Hit the Post.
14:48 of 1st period - Icing by Jeremy Williams.
14:49 of 1st period - Brooks Laich wins face-off versus Kris Vernarsky in Predators zone.
15:01 of 1st period - Wrist shot by Marek Svatos.
15:01 of 1st period - Shot Hit the Post.
15:03 of 1st period - Slapshot by Dennis Wideman.
15:03 of 1st period - Stopped by Maxime Daigneault with a rebound.
15:12 of 1st period - Icing by Jeremy Williams.
15:13 of 1st period - Marc Savard wins face-off versus Joe Thornton in Predators zone.
15:14 of 1st period - Wrist shot by Patrick Sharp.
15:14 of 1st period - Shot Misses the Net.
15:26 of 1st period - Off-side.
15:27 of 1st period - Brooks Laich wins face-off versus Joe Thornton in neutral zone.
15:42 of 1st period - Icing by Alexander Edler.
15:43 of 1st period - Patrick Sharp wins face-off versus Joe Thornton in Predators zone.
16:01 of 1st period - Dan Boyle is hit by Alexander Ovechkin and loses puck.
16:16 of 1st period - Wrist shot by Alexander Ovechkin.
16:16 of 1st period - Stopped by Jonathan Bernier without a rebound.
16:17 of 1st period - Brooks Laich wins face-off versus Jeremy Williams in Canadiens zone.
16:28 of 1st period - Wrist shot by Marek Svatos.
16:28 of 1st period - Stopped by Maxime Daigneault with a rebound.
16:30 of 1st period - Slapshot by Dennis Wideman.
16:30 of 1st period - Deflect By Sergei Samsonov.
16:30 of 1st period - Shot Blocked by Andrei Markov.
16:30 of 1st period - Puck is out of play.
16:31 of 1st period - Joe Thornton wins face-off versus Marc Savard in Predators zone.
16:31 of 1st period - Joe Thornton is hit by Devin Setoguchi.
16:42 of 1st period - Minor Penalty to Dan Boyle for Tripping.
16:43 of 1st period - Joe Thornton wins face-off versus Brooks Laich in Canadiens zone.
16:49 of 1st period - Snap shot by Adam Burish.
16:49 of 1st period - Shot Misses the Net.
16:51 of 1st period - Slapshot by Ryan Mcdonagh.
16:51 of 1st period - Stopped by Jonathan Bernier with a rebound.
16:53 of 1st period - Slapshot by Ryan Mcdonagh.
16:53 of 1st period - Stopped by Jonathan Bernier without a rebound.
16:54 of 1st period - Brooks Laich wins face-off versus Joe Thornton in Canadiens zone.
17:07 of 1st period - Wrist shot by Joe Thornton.
17:07 of 1st period - Shot Misses the Net.
17:21 of 1st period - Ladislav Smid is hit by Michael Grabner and loses puck.
17:40 of 1st period - Wrist shot by Rene Bourque.
17:40 of 1st period - Stopped by Maxime Daigneault without a rebound.
17:41 of 1st period - Maxim Talbot wins face-off versus Joe Thornton in Predators zone.
17:42 of 1st period - Snap shot by Rene Bourque.
17:42 of 1st period - Stopped by Maxime Daigneault with a rebound.
17:44 of 1st period - Slapshot by Josh Gorges.
17:44 of 1st period - Stopped by Maxime Daigneault without a rebound.
17:45 of 1st period - Sergei Samsonov wins face-off versus Joe Thornton in Predators zone.
17:48 of 1st period - Snap shot by Sergei Samsonov.
17:48 of 1st period - Shot Blocked by Joe Thornton.
17:52 of 1st period - Wrist shot by Brooks Laich.
17:52 of 1st period - Shot Misses the Net.
17:54 of 1st period - Slapshot by Sergei Samsonov.
17:54 of 1st period - Goal by Sergei Samsonov - Predators : 0 - Canadiens : 2.
17:55 of 1st period - Joe Thornton wins face-off versus Brooks Laich in neutral zone.
17:58 of 1st period - Snap shot by Alexander Edler.
17:58 of 1st period - Shot Blocked by Dennis Wideman.
18:00 of 1st period - Slapshot by Alexander Edler.
18:00 of 1st period - Goal by Alexander Edler - Predators : 1 - Canadiens : 2.
18:01 of 1st period - Marc Savard wins face-off versus Joe Thornton in neutral zone.
18:18 of 1st period - Joe Thornton is hit by Devin Setoguchi and loses puck.
18:34 of 1st period - Icing by Dennis Wideman.
18:35 of 1st period - Josef Vasicek wins face-off versus Dustin Boyd in Canadiens zone.
18:56 of 1st period - Snap shot by Dustin Boyd.
18:56 of 1st period - Stopped by Maxime Daigneault without a rebound.
18:57 of 1st period - Marc Savard wins face-off versus Joe Thornton in Predators zone.
19:04 of 1st period - Wrist shot by Marc Savard.
19:04 of 1st period - Shot Blocked by Alexander Edler.
19:06 of 1st period - Snap shot by Devin Setoguchi.
19:06 of 1st period - Shot Misses the Net.
19:10 of 1st period - Slapshot by Patrick Sharp.
19:10 of 1st period - Shot Misses the Net.
19:12 of 1st period - Slapshot by Josh Gorges.
19:12 of 1st period - Stopped by Maxime Daigneault without a rebound.
19:13 of 1st period - Kris Vernarsky wins face-off versus Brooks Laich in Predators zone.
19:22 of 1st period - Slapshot by Kris Vernarsky.
19:22 of 1st period - Shot Blocked by Jiri Fischer.
19:40 of 1st period - Adam Burish is hit by Jiri Fischer and loses puck.
Goals for this period are 1 for Predators vs 2 for Canadiens.
Shots for this period are 13 for Predators vs 17 for Canadiens.

2nd period


0:01 of 2nd period - Joe Thornton wins face-off versus Brooks Laich in neutral zone.
0:42 of 2nd period - Slapshot by Patrick Sharp.
0:42 of 2nd period - Deflect By Devin Setoguchi.
0:42 of 2nd period - Stopped by Maxime Daigneault without a rebound.
0:43 of 2nd period - Joe Thornton wins face-off versus Dustin Boyd in Predators zone.
0:43 of 2nd period - Joe Thornton is hit by Rene Bourque.
0:44 of 2nd period - Joe Thornton from Predators is injured at 0:44 of 2nd period (Sprained Right Ankle).
0:45 of 2nd period - Marc Savard wins face-off versus Michael Grabner in Predators zone.
0:51 of 2nd period - Minor Penalty to Michael Grabner for Tripping.
0:52 of 2nd period - Vitali Yachmenev wins face-off versus Patrick Sharp in Predators zone.
1:39 of 2nd period - Snap shot by Erik Rasmussen.
1:39 of 2nd period - Shot Misses the Net.
1:41 of 2nd period - Wrist shot by Erik Rasmussen.
1:41 of 2nd period - Goal by Erik Rasmussen - Predators : 2 - Canadiens : 2.
1:42 of 2nd period - Vitali Yachmenev wins face-off versus Marc Savard in neutral zone.
1:45 of 2nd period - Marek Svatos is hit by Adam Burish and loses puck.
1:52 of 2nd period - Alexander Edler is hit by Josh Gorges and loses puck.
2:15 of 2nd period - Slapshot by Josh Gorges.
2:15 of 2nd period - Stopped by Maxime Daigneault with a rebound.
2:51 of 2nd period - Penalty to Michael Grabner is over, Michael Grabner is back on ice.
3:23 of 2nd period - Minor Penalty to Maxim Talbot for Holding.
3:24 of 2nd period - Brooks Laich wins face-off versus Michael Grabner in Canadiens zone.
3:33 of 2nd period - Slapshot by Alexander Edler.
3:33 of 2nd period - Stopped by Jonathan Bernier with a rebound.
3:35 of 2nd period - Snap shot by Alexander Ovechkin.
3:35 of 2nd period - Shot Misses the Net.
5:23 of 2nd period - Penalty to Maxim Talbot is over, Maxim Talbot is back on ice.
5:39 of 2nd period - Slapshot by Maxim Talbot.
5:39 of 2nd period - Goal by Maxim Talbot - Predators : 2 - Canadiens : 3.
5:40 of 2nd period - Marc Savard wins face-off versus Michael Grabner in neutral zone.
5:43 of 2nd period - Adam Burish is hit by Marc Savard and loses puck.
6:06 of 2nd period - Dennis Wideman is hit by Jeremy Williams and loses puck.
6:11 of 2nd period - Snap shot by Jeremy Williams.
6:11 of 2nd period - Goal by Jeremy Williams - Predators : 3 - Canadiens : 3.
6:12 of 2nd period - Brooks Laich wins face-off versus Michael Grabner in neutral zone.
6:19 of 2nd period - Snap shot by Sergei Samsonov.
6:19 of 2nd period - Stopped by Maxime Daigneault with a rebound.
6:23 of 2nd period - Wrist shot by Marek Svatos.
6:23 of 2nd period - Deflect By Sergei Samsonov.
6:23 of 2nd period - Stopped by Maxime Daigneault with a rebound.
6:25 of 2nd period - Snap shot by Sergei Samsonov.
6:25 of 2nd period - Shot Misses the Net.
6:27 of 2nd period - Wrist shot by Marek Svatos.
6:27 of 2nd period - Shot Misses the Net.
6:37 of 2nd period - Erik Rasmussen is hit by Jiri Fischer and loses puck.
6:54 of 2nd period - Minor Penalty to Erik Rasmussen for Delaying the game.
6:55 of 2nd period - Marc Savard wins face-off versus Vitali Yachmenev in Predators zone.
6:56 of 2nd period - Slapshot by Devin Setoguchi.
6:56 of 2nd period - Goal by Devin Setoguchi - Predators : 3 - Canadiens : 4.
6:57 of 2nd period - Marc Savard wins face-off versus Michael Grabner in neutral zone.
7:24 of 2nd period - Jeremy Williams is hit by Dan Boyle.
7:30 of 2nd period - Slapshot by Kris Vernarsky.
7:30 of 2nd period - Stopped by Jonathan Bernier with a rebound.
7:44 of 2nd period - Dennis Wideman is hit by Vitali Yachmenev and loses puck.
8:03 of 2nd period - Alexander Edler is hit by Cam Janssen and loses puck.
8:24 of 2nd period - Backhand shot by Alexander Ovechkin.
8:24 of 2nd period - Goal by Alexander Ovechkin - Predators : 4 - Canadiens : 4.
8:25 of 2nd period - Marc Savard wins face-off versus Michael Grabner in neutral zone.
8:52 of 2nd period - Marek Svatos is hit by Jeremy Williams and loses puck.
8:57 of 2nd period - Wrist shot by James Van Riemsdyk.
8:57 of 2nd period - Shot Misses the Net.
9:39 of 2nd period - Snap shot by Alexander Steen.
9:39 of 2nd period - Shot Misses the Net.
9:41 of 2nd period - Slapshot by Barret Jackman.
9:41 of 2nd period - Stopped by Jonathan Bernier with a rebound.
9:43 of 2nd period - Snap shot by Michael Grabner.
9:43 of 2nd period - Shot Misses the Net.
9:45 of 2nd period - Slapshot by Christian Ehrhoff.
9:45 of 2nd period - Stopped by Jonathan Bernier without a rebound.
9:46 of 2nd period - Marc Savard wins face-off versus Michael Grabner in Canadiens zone.
9:48 of 2nd period - Minor Penalty to Devin Setoguchi for Hooking.
9:49 of 2nd period - Brooks Laich wins face-off versus Michael Grabner in Canadiens zone.
9:59 of 2nd period - Slapshot by Alexander Edler.
9:59 of 2nd period - Shot Blocked by Ladislav Smid.
10:01 of 2nd period - Slapshot by Ryan Mcdonagh.
10:01 of 2nd period - Stopped by Jonathan Bernier with a rebound.
11:33 of 2nd period - Rene Bourque is hit by Josef Vasicek and loses puck.
11:48 of 2nd period - Penalty to Devin Setoguchi is over, Devin Setoguchi is back on ice.
11:50 of 2nd period - Snap shot by Devin Setoguchi.
11:50 of 2nd period - Shot Misses the Net.
11:56 of 2nd period - Josh Gorges is hit by Jeremy Williams.
12:09 of 2nd period - Icing by Erik Rasmussen.
12:10 of 2nd period - Marc Savard wins face-off versus Erik Rasmussen in Predators zone.
12:34 of 2nd period - Dennis Wideman is hit by Ryan Mcdonagh.
12:44 of 2nd period - Michael Grabner is hit by Rene Bourque and loses puck.
12:57 of 2nd period - Snap shot by Dan Boyle.
12:57 of 2nd period - Deflect By Rene Bourque.
12:57 of 2nd period - Stopped by Maxime Daigneault with a rebound.
12:59 of 2nd period - Snap shot by Rene Bourque.
12:59 of 2nd period - Stopped by Maxime Daigneault with a rebound.
13:26 of 2nd period - Snap shot by Greg Stewart.
13:26 of 2nd period - Deflect By Dustin Boyd.
13:26 of 2nd period - Shot Misses the Net.
13:26 of 2nd period - Puck is out of play.
13:27 of 2nd period - Kris Vernarsky wins face-off versus Brooks Laich in Predators zone.
14:09 of 2nd period - Ladislav Smid is hit by Alexander Steen and loses puck.
14:33 of 2nd period - Snap shot by Riley Cote.
14:33 of 2nd period - Deflect By Maxim Talbot.
14:33 of 2nd period - Shot Blocked by Erik Rasmussen.
14:33 of 2nd period - Puck is out of play.
14:34 of 2nd period - Brooks Laich wins face-off versus Michael Grabner in Predators zone.
15:01 of 2nd period - Dennis Wideman is hit by Kris Vernarsky and loses puck.
15:30 of 2nd period - Andrei Markov is hit by Josh Gorges and loses puck.
15:45 of 2nd period - Snap shot by Alexander Ovechkin.
15:45 of 2nd period - Stopped by Jonathan Bernier with a rebound.
15:51 of 2nd period - Wrist shot by Alexander Ovechkin.
15:51 of 2nd period - Stopped by Jonathan Bernier without a rebound.
15:52 of 2nd period - Adam Burish wins face-off versus Brooks Laich in Canadiens zone.
15:53 of 2nd period - Wrist shot by Alexander Ovechkin.
15:53 of 2nd period - Shot Blocked by Dennis Wideman.
15:55 of 2nd period - Snap shot by Adam Burish.
15:55 of 2nd period - Shot Misses the Net.
15:57 of 2nd period - Wrist shot by Andrei Markov.
15:57 of 2nd period - Deflect By Adam Burish.
15:57 of 2nd period - Stopped by Jonathan Bernier without a rebound.
15:58 of 2nd period - Brooks Laich wins face-off versus Alexander Ovechkin in Canadiens zone.
16:24 of 2nd period - Off-side.
16:25 of 2nd period - Marc Savard wins face-off versus Kris Vernarsky in neutral zone.
16:30 of 2nd period - Slapshot by Devin Setoguchi.
16:30 of 2nd period - Shot Misses the Net.
16:32 of 2nd period - Wrist shot by Josh Gorges.
16:32 of 2nd period - Goal by Josh Gorges - Predators : 4 - Canadiens : 5.
16:33 of 2nd period - Alexander Ovechkin wins face-off versus Patrick Sharp in neutral zone.
16:40 of 2nd period - Slapshot by Alexander Edler.
16:40 of 2nd period - Deflect By Michael Grabner.
16:40 of 2nd period - Stopped by Jonathan Bernier with a rebound.
17:25 of 2nd period - Slapshot by Alexander Edler.
17:25 of 2nd period - Stopped by Jonathan Bernier with a rebound.
17:39 of 2nd period - Dan Boyle is hit by Josef Vasicek.
18:28 of 2nd period - Minor Penalty to Barret Jackman for Hooking.
18:29 of 2nd period - Marc Savard wins face-off versus Vitali Yachmenev in Predators zone.
19:00 of 2nd period - Slapshot by Marek Svatos.
19:00 of 2nd period - Shot Blocked by Ryan Mcdonagh.
19:02 of 2nd period - Snap shot by Sergei Samsonov.
19:02 of 2nd period - Shot Misses the Net.
19:04 of 2nd period - Slapshot by Josh Gorges.
19:04 of 2nd period - Shot Hit the Post.
Goals for this period are 3 for Predators vs 3 for Canadiens.
Shots for this period are 13 for Predators vs 9 for Canadiens.

3rd period


0:01 of 3rd period - Marc Savard wins face-off versus Vitali Yachmenev in neutral zone.
0:10 of 3rd period - Wrist shot by Patrick Sharp.
0:10 of 3rd period - Stopped by Maxime Daigneault without a rebound.
0:11 of 3rd period - Marc Savard wins face-off versus Vitali Yachmenev in Predators zone.
0:16 of 3rd period - Slapshot by Patrick Sharp.
0:16 of 3rd period - Shot Misses the Net.
0:18 of 3rd period - Slapshot by Dan Boyle.
0:18 of 3rd period - Deflect By Patrick Sharp.
0:18 of 3rd period - Shot Misses the Net.
0:18 of 3rd period - Puck is out of play.
0:19 of 3rd period - Vitali Yachmenev wins face-off versus Marc Savard in Predators zone.
0:28 of 3rd period - Penalty to Barret Jackman is over, Barret Jackman is back on ice.
0:39 of 3rd period - Minor Penalty to Vitali Yachmenev for Interference.
0:40 of 3rd period - Erik Rasmussen wins face-off versus Marc Savard in Predators zone.
0:50 of 3rd period - Wrist shot by Marc Savard.
0:50 of 3rd period - Deflect By Devin Setoguchi.
0:50 of 3rd period - Shot Misses the Net.
0:50 of 3rd period - Puck is out of play.
0:51 of 3rd period - Erik Rasmussen wins face-off versus Marc Savard in Predators zone.
0:51 of 3rd period - Erik Rasmussen is hit by Marc Savard.
2:39 of 3rd period - Penalty to Vitali Yachmenev is over, Vitali Yachmenev is back on ice.
2:50 of 3rd period - Snap shot by Maxim Talbot.
2:50 of 3rd period - Deflect By Riley Cote.
2:50 of 3rd period - Shot Blocked by Barret Jackman.
2:50 of 3rd period - Puck is out of play.
2:51 of 3rd period - Maxim Talbot wins face-off versus Kris Vernarsky in Predators zone.
3:00 of 3rd period - Slapshot by Ryan Mcdonagh.
3:00 of 3rd period - Shot Blocked by Matt Carle.
3:02 of 3rd period - Wrist shot by Kris Vernarsky.
3:02 of 3rd period - Deflect By Ladislav Smid.
3:02 of 3rd period - Goal by Kris Vernarsky - Predators : 5 - Canadiens : 5.
3:03 of 3rd period - Adam Burish wins face-off versus Marc Savard in neutral zone.
3:06 of 3rd period - Patrick Sharp is hit by Adam Burish and loses puck.
3:15 of 3rd period - Slapshot by Alexander Edler.
3:15 of 3rd period - Stopped by Jonathan Bernier without a rebound.
3:16 of 3rd period - Marc Savard wins face-off versus Michael Grabner in Canadiens zone.
3:43 of 3rd period - Marek Svatos is hit by Alexander Edler and loses puck.
4:12 of 3rd period - Snap shot by Brooks Laich.
4:12 of 3rd period - Stopped by Maxime Daigneault with a rebound.
4:14 of 3rd period - Slapshot by Dennis Wideman.
4:14 of 3rd period - Shot Misses the Net.
4:22 of 3rd period - Snap shot by Sergei Samsonov.
4:22 of 3rd period - Deflect By Brooks Laich.
4:22 of 3rd period - Shot Blocked by Alexander Steen.
4:22 of 3rd period - Puck is out of play.
4:23 of 3rd period - Alexander Steen wins face-off versus Marc Savard in Predators zone.
4:38 of 3rd period - Snap shot by Dan Boyle.
4:38 of 3rd period - Stopped by Maxime Daigneault without a rebound.
4:39 of 3rd period - Michael Grabner wins face-off versus Dustin Boyd in Predators zone.
5:17 of 3rd period - Slapshot by Brett Clark.
5:17 of 3rd period - Stopped by Jonathan Bernier without a rebound.
5:18 of 3rd period - Devin Setoguchi wins face-off versus Alexander Steen in Canadiens zone.
5:33 of 3rd period - Wrist shot by Josef Vasicek.
5:33 of 3rd period - Stopped by Jonathan Bernier without a rebound.
5:34 of 3rd period - Michael Grabner wins face-off versus Sergei Samsonov in Canadiens zone.
5:35 of 3rd period - Snap shot by Alexander Ovechkin.
5:35 of 3rd period - Stopped by Jonathan Bernier without a rebound.
5:36 of 3rd period - Brooks Laich wins face-off versus Michael Grabner in Canadiens zone.
5:49 of 3rd period - Wrist shot by Alexander Ovechkin.
5:49 of 3rd period - Stopped by Jonathan Bernier without a rebound.
5:50 of 3rd period - Marc Savard wins face-off versus Michael Grabner in Canadiens zone.
6:06 of 3rd period - Minor Penalty to Adam Burish for Hooking.
6:07 of 3rd period - Marc Savard wins face-off versus Vitali Yachmenev in Predators zone.
6:15 of 3rd period - Backhand shot by Patrick Sharp.
6:15 of 3rd period - Stopped by Maxime Daigneault with a rebound.
6:17 of 3rd period - Slapshot by Dan Boyle.
6:17 of 3rd period - Shot Misses the Net.
6:19 of 3rd period - Slapshot by Dennis Wideman.
6:19 of 3rd period - Shot Blocked by Vitali Yachmenev.
8:06 of 3rd period - Penalty to Adam Burish is over, Adam Burish is back on ice.
8:06 of 3rd period - Icing by Alexander Edler.
8:07 of 3rd period - Vitali Yachmenev wins face-off versus Brooks Laich in Predators zone.
8:19 of 3rd period - Kris Vernarsky is hit by Greg Stewart and loses puck.
8:32 of 3rd period - Wrist shot by Maxim Talbot.
8:32 of 3rd period - Stopped by Maxime Daigneault with a rebound.
8:34 of 3rd period - Snap shot by Riley Cote.
8:34 of 3rd period - Stopped by Maxime Daigneault without a rebound.
8:35 of 3rd period - Maxim Talbot wins face-off versus Michael Grabner in Predators zone.
8:37 of 3rd period - Minor Penalty to Adam Burish for Roughing.
8:38 of 3rd period - Marc Savard wins face-off versus Vitali Yachmenev in Predators zone.
10:36 of 3rd period - Josef Vasicek is hit by Brooks Laich and loses puck.
10:37 of 3rd period - Penalty to Adam Burish is over, Adam Burish is back on ice.
10:43 of 3rd period - Brooks Laich is hit by Brett Clark and loses puck.
10:52 of 3rd period - Snap shot by Adam Burish.
10:52 of 3rd period - Stopped by Jonathan Bernier without a rebound.
10:53 of 3rd period - Maxim Talbot wins face-off versus Michael Grabner in Canadiens zone.
11:10 of 3rd period - Minor Penalty to Michael Grabner for Hooking.
11:11 of 3rd period - Marc Savard wins face-off versus Vitali Yachmenev in Predators zone.
11:16 of 3rd period - Wrist shot by Patrick Sharp.
11:16 of 3rd period - Shot Misses the Net.
11:18 of 3rd period - Snap shot by Marek Svatos.
11:18 of 3rd period - Deflect By Vitali Yachmenev.
11:18 of 3rd period - Stopped by Maxime Daigneault without a rebound.
11:19 of 3rd period - Marc Savard wins face-off versus Vitali Yachmenev in Predators zone.
12:13 of 3rd period - Icing by Devin Setoguchi.
12:14 of 3rd period - Marc Savard wins face-off versus Vitali Yachmenev in Canadiens zone.
13:10 of 3rd period - Penalty to Michael Grabner is over, Michael Grabner is back on ice.
13:15 of 3rd period - Brett Clark is hit by Riley Cote and loses puck.
13:24 of 3rd period - Snap shot by Riley Cote.
13:24 of 3rd period - Stopped by Maxime Daigneault with a rebound.
13:30 of 3rd period - Ladislav Smid is hit by Brett Clark and loses puck.
13:35 of 3rd period - Snap shot by Adam Burish.
13:35 of 3rd period - Stopped by Jonathan Bernier with a rebound.
13:37 of 3rd period - Snap shot by Adam Burish.
13:37 of 3rd period - Shot Misses the Net.
13:39 of 3rd period - Wrist shot by Michael Grabner.
13:39 of 3rd period - Stopped by Jonathan Bernier without a rebound.
13:40 of 3rd period - Dustin Boyd wins face-off versus Kris Vernarsky in Canadiens zone.
14:03 of 3rd period - Marek Svatos is hit by Josef Vasicek and loses puck.
14:43 of 3rd period - Snap shot by Maxim Talbot.
14:43 of 3rd period - Stopped by Maxime Daigneault with a rebound.
14:45 of 3rd period - Slapshot by Matt Carle.
14:45 of 3rd period - Stopped by Maxime Daigneault without a rebound.
14:46 of 3rd period - Marc Savard wins face-off versus Josef Vasicek in Predators zone.
14:47 of 3rd period - Snap shot by Patrick Sharp.
14:47 of 3rd period - Shot Blocked by Michael Grabner.
15:13 of 3rd period - Ryan Mcdonagh is hit by Greg Stewart and loses puck.
16:22 of 3rd period - Minor Penalty to Rene Bourque for Tripping.
16:23 of 3rd period - Brooks Laich wins face-off versus Michael Grabner in Canadiens zone.
16:34 of 3rd period - Wrist shot by Alexander Ovechkin.
16:34 of 3rd period - Shot Misses the Net.
17:39 of 3rd period - Minor Penalty to Alexander Ovechkin for Holding.
17:40 of 3rd period - Marc Savard wins face-off versus Michael Grabner in Predators zone.
17:47 of 3rd period - Slapshot by Ryan Mcdonagh.
17:47 of 3rd period - Shot Misses the Net.
17:49 of 3rd period - Slapshot by Ryan Mcdonagh.
17:49 of 3rd period - Shot Misses the Net.
17:51 of 3rd period - Snap shot by Michael Grabner.
17:51 of 3rd period - Stopped by Jonathan Bernier without a rebound.
17:52 of 3rd period - Michael Grabner wins face-off versus Marc Savard in Canadiens zone.
18:22 of 3rd period - Penalty to Rene Bourque is over, Rene Bourque is back on ice.
18:31 of 3rd period - Snap shot by Alexander Steen.
18:31 of 3rd period - Stopped by Jonathan Bernier with a rebound.
18:59 of 3rd period - Snap shot by Marc Savard.
18:59 of 3rd period - Shot Misses the Net.
19:01 of 3rd period - Snap shot by Rene Bourque.
19:01 of 3rd period - Shot Misses the Net.
19:03 of 3rd period - Slapshot by Rene Bourque.
19:03 of 3rd period - Canadiens goal is going for a video replay.
19:03 of 3rd period - The goal is refused. The puck has been directed, batted or thrown into the net by an attacking player other than with a stick..
19:04 of 3rd period - Josef Vasicek wins face-off versus Dustin Boyd in Predators zone.
19:04 of 3rd period - Josef Vasicek is hit by Josh Gorges.
19:10 of 3rd period - Rene Bourque is hit by Brett Clark and loses puck.
19:29 of 3rd period - Wrist shot by Adam Burish.
19:29 of 3rd period - Stopped by Jonathan Bernier without a rebound.
19:30 of 3rd period - Erik Rasmussen wins face-off versus Sergei Samsonov in Canadiens zone.
19:39 of 3rd period - Penalty to Alexander Ovechkin is over, Alexander Ovechkin is back on ice.
19:59 of 3rd period - Wrist shot by Alexander Ovechkin.
19:59 of 3rd period - Shot Blocked by Josh Gorges.
Goals for this period are 1 for Predators vs 0 for Canadiens.
Shots for this period are 12 for Predators vs 11 for Canadiens.

Overtime #1


0:01 of 1st overtime period - Michael Grabner wins face-off versus Marc Savard in neutral zone.
0:48 of 1st overtime period - Wrist shot by Dustin Boyd.
0:48 of 1st overtime period - Stopped by Maxime Daigneault without a rebound.
0:49 of 1st overtime period - Marc Savard wins face-off versus Alexander Steen in Predators zone.
1:20 of 1st overtime period - Jiri Fischer is hit by Michael Grabner and loses puck.
1:31 of 1st overtime period - Ryan Mcdonagh is hit by Maxim Talbot and loses puck.
1:50 of 1st overtime period - Erik Rasmussen is hit by Dustin Boyd.
2:01 of 1st overtime period - Jiri Fischer is hit by Ryan Mcdonagh and loses puck.
3:33 of 1st overtime period - Wrist shot by Brooks Laich.
3:33 of 1st overtime period - Shot Blocked by Michael Grabner.
Goals for this period are 0 for Predators vs 0 for Canadiens.
Shots for this period are 0 for Predators vs 1 for Canadiens.

ShootOut


5:00 of 1st overtime period - Penalty Shot by Alexander Ovechkin for Predators.
5:00 of 1st overtime period - Snap shot by Alexander Ovechkin.
5:00 of 1st overtime period - Stopped by Jonathan Bernier.
5:00 of 1st overtime period - Penalty Shot by Marc Savard for Canadiens.
5:00 of 1st overtime period - Wrist shot by Marc Savard.
5:00 of 1st overtime period - Stopped by Maxime Daigneault.
5:00 of 1st overtime period - Penalty Shot by Michael Grabner for Predators.
5:00 of 1st overtime period - Deke by Michael Grabner.
5:00 of 1st overtime period - Shot Misses the Net.
5:00 of 1st overtime period - Penalty Shot by Patrick Sharp for Canadiens.
5:00 of 1st overtime period - Wrist shot by Patrick Sharp.
5:00 of 1st overtime period - Shot Misses the Net.
5:00 of 1st overtime period - Penalty Shot by Josef Vasicek for Predators.
5:00 of 1st overtime period - Wrist shot by Josef Vasicek.
5:00 of 1st overtime period - Goal by Josef Vasicek.
5:00 of 1st overtime period - Penalty Shot by Marek Svatos for Canadiens.
5:00 of 1st overtime period - Deke by Marek Svatos.
5:00 of 1st overtime period - Shot Misses the Net.